 Dungeon Crawl Stone Soup version 0.30-a0-779-g7971cf19c3 (webtiles) character file.

Game seed: 12091821694506217326

100 Pimp the Stinger (level 4, -6/30 HPs)
             Began as a Demonspawn Venom Mage on Feb 18, 2023.
             Mangled by an ice beast (9 damage)
             ... on level 4 of the Dungeon.
             The game lasted 00:09:14 (3062 turns).

Pimp the Stinger (Demonspawn Venom Mage)            Turns: 3062, Time: 00:09:15

Health: -6/30      AC:  8    Str:  4 (7)  XL:     4   Next: 47%
Magic:  2/7        EV: 12    Int: 16 (18) God:
Gold:   107        SH:  4    Dex: 16 (17) Spells: 7/8 levels left

rFire   . . .      SeeInvis .    c - +0 dagger
rCold   . . .      Faith    .    (no shield)
rNeg    + . .      Spirit   .    m - +2 robe {rN+}
rPois   .          Reflect  .    (no helmet)
rElec   .          Harm     .    j - +1 cloak
rCorr   .          Rampage  .    (no gloves)
Will    .....      Clarity  +    (no boots)
Stlth   ++                       (no amulet)
HPRegen 0.25/turn                (no ring)
MPRegen 0.20/turn                (no ring)

@: mighty
A: yellow scales 1, magic regeneration, condensation shield, agile 1, clarity
a: no special abilities


You were on level 4 of the Dungeon.
You visited 1 branch of the dungeon, and saw 4 of its levels.

You collected 107 gold pieces.

Inventory:

Hand Weapons
 c - a +0 dagger (weapon)
Armour
 a - a +0 robe
 g - a scarf of invisibility
 j - a +1 cloak (worn)
 m - a +2 robe of positive energy (worn)
Magical Staves
 n - a staff of death
Jewellery
 f - a ring of flight
Wands
 w - a wand of polymorph (5)
Scrolls
 d - 2 scrolls of teleportation
 o - a scroll of immolation
Potions
 b - a potion of magic
 e - 2 potions of flight
 h - a potion of attraction
 k - a potion of might
 l - a potion of mutation


   Skills:
 + Level 2.4 Dodging
 + Level 2.5 Stealth
 + Level 2.5 Spellcasting
 + Level 1.9 Transmutations
 + Level 3.5 Poison Magic


You had 7 spell levels left.
You knew the following spells:

 Your Spells              Type           Power      Damage    Failure   Level
a - Sting                 Tmut/Pois      40%        1d5       6%          1

Your spell library contained the following spells:

 Spells                   Type           Power      Damage    Failure   Level
 Poisonous Vapours        Pois/Air       14%        N/A       14%         2
 Wereblood                Tmut           8%         N/A       14%         2
 Sublimation of Blood     Necr           2%         N/A       30%         2
 Mephitic Cloud           Conj/Pois/Air  5%         N/A       34%         3
 Olgreb's Toxic Radiance  Pois           13%        N/A       41%         4
 Summon Hydra             Summ           1%         N/A       100%        7


Dungeon Overview and Level Annotations

Branches:
Dungeon (4/15)
 Temple: D:4-7

Altars:
Ashenzari


Innate Abilities, Weirdness & Mutations

You are partially covered in yellow scales. (AC +2)
You regenerate magic rapidly.
A meltable shield of frost defends you. (SH +4)
You are agile. (Dex +4, Str/Int -1)
You possess an exceptional clarity of mind.


Message History

Aiming: Sting (safe; 6% risk of failure)
Press: ? - help, Shift-Dir - straight line, f/p - ice beast
Aim: an ice beast (heavily wounded, poisoned, 71% to hit)
The sting misses the ice beast.
The ice beast hits you but does no damage.
Casting: Sting (safe; 6% risk of failure)
Confirm with . or Enter, or press ? or * to list all spells.
Aiming: Sting (safe; 6% risk of failure)
Press: ? - help, Shift-Dir - straight line, f/p - ice beast
Aim: an ice beast (heavily wounded, poisoned, 71% to hit)
The sting misses the ice beast.
You block the ice beast's attack.
You feel very mighty all of a sudden.
The ice beast hits you but does no damage.
You hit the ice beast but do no damage.
The ice beast is heavily wounded.
The ice beast hits you but does no damage.
You hit the ice beast but do no damage.
The ice beast is heavily wounded.
The ice beast closely misses you.
Casting: Sting (safe; 6% risk of failure)
Confirm with . or Enter, or press ? or * to list all spells.
Aiming: Sting (safe; 6% risk of failure)
Press: ? - help, Shift-Dir - straight line, f/p - ice beast
Aim: an ice beast (heavily wounded, poisoned, 71% to hit)
The sting hits the ice beast.
The ice beast partially resists.
The ice beast looks even sicker.
The ice beast is heavily wounded.
The ice beast hits you but does no damage.
Casting: Sting (safe; 6% risk of failure)
Confirm with . or Enter, or press ? or * to list all spells.
Aiming: Sting (safe; 6% risk of failure)
Press: ? - help, Shift-Dir - straight line, f/p - ice beast
Aim: an ice beast (severely wounded, very poisoned, 71% to hit)
The sting hits the ice beast but does no damage.
The ice beast looks even sicker.
The ice beast is severely wounded.
The ice beast hits you.
* * * LOW HITPOINT WARNING * * *
The ice beast freezes you!
You die...

... #..
###..# .....
### #... #..
##.#... ##.#
.......###.#
# #.@Y..# .#
#####.## #.#
####.###.#
#.......#
#.......#
#.......#
#...#...#
#.####''####
###≈≈≈..≈≈≈##


You could see an ice beast (very poisoned).

Vanquished Creatures
  Jessica (D:2)
  3 worms
  A dart slug (D:2)
  2 orcs (D:3)
  5 ball pythons
  5 bats (D:1)
  7 endoplasms
  A giant cockroach (D:3)
  9 goblins
  7 hobgoblins
  A quokka (D:1)
  5 frilled lizards
  7 kobolds
  2 rats (D:1)
56 creatures vanquished.

Vanquished Creatures (others)
  A fungus (D:3)
1 creature vanquished.

Grand Total: 57 creatures vanquished

Notes
Turn   | Place    | Note
-------+----------+-------------------------------------------
     0 | D:1      | Pimp the Demonspawn Venom Mage began the quest for the Orb.
     0 | D:1      | Reached XP level 1. HP: 13/13 MP: 3/3
    20 | D:1      | Reached skill level 1 in Transmutations
   179 | D:1      | Gained mutation: A meltable shield of frost defends you.
                  | (SH +4) [demonic ancestry]
   179 | D:1      | Reached XP level 2. HP: 16/19 MP: 1/5
  1013 | D:2      | Gained mutation: You are partially covered in yellow
                  | scales. (AC +2) [demonic ancestry]
  1013 | D:2      | Reached XP level 3. HP: 24/24 MP: 4/6
  1367 | D:2      | Noticed Jessica
  1374 | D:2      | Killed Jessica
  1375 | D:2      | Gained mutation: You regenerate magic rapidly. [demonic
                  | ancestry]
  1375 | D:2      | Reached XP level 4. HP: 25/30 MP: 3/7
  2083 | D:3      | Found a broken altar of Ashenzari.
  2296 | D:3      | Gained mutation: You possess an exceptional clarity of
                  | mind. [potion of mutation]
  2296 | D:3      | Gained mutation: You are agile. (Dex +4, Str/Int -1)
                  | [potion of mutation]
  3040 | D:4      | Noticed an ice beast
  3062 | D:4      | Mangled by an ice beast

Illustrated notes

Levels and vault maps discovered:
D:1:      giann_horns, layout_basic
D:2:      layout_rooms, uniq_jessica
D:3:      layout_loops_ring, mainiacjoe_overflow_tiny_flanked
D:4:      kennysheep_big_flooded_room, layout_loops_cross,
          nicolae_take_the_stairs, nicolae_shop_firing_range

Skill      XL: |  1  2 |
---------------+-------+-----
Transmutations | 1 |  1.9
Stealth        | 2 |  2.5
Dodging        | 2 |  2.4
Spellcasting   | |  2.5
Poison Magic   | |  3.5

Action                     |  1- 3 |  4- 6 || total
---------------------------+-------+-------++-------
  Melee: Dagger            |    41 |    36 ||    77
         Unarmed           |     1 |       ||     1
         Punch             |       |     1 ||     1
   Cast: Sting             |    50 |    40 ||    90
    Use: Potion            |       |     9 ||     9
         Scroll            |       |     8 ||     8
   Stab: Sleeping          |     2 |     1 ||     3
 Armour: Robe              |    18 |    19 ||    37
  Dodge: Dodged            |    32 |    22 ||    54
  Block: Other             |    12 |     8 ||    20

Table legend: (Time is in decaauts)
 A = Elapsed time spent in this place.
 B = Non-inter-level travel time spent in this place.
 C = Inter-level travel time spent in this place.
 D = Time resting spent in this place.
 E = Time spent auto-exploring this place.
 F = Levels seen in this place.
 G = Mean time per level.
                   A        B        C        D        E       F      G
               +--------+--------+--------+--------+--------+-----+--------+
         Total |   3068 |   2997 |     71 |    830 |    872 |   4 |  767.0 |
       Dungeon |   3068 |   2997 |     71 |    830 |    872 |   4 |  767.0 |
               +--------+--------+--------+--------+--------+-----+--------+

Top non-repeatable levels by time:
     D:1: 1070 daAuts
     D:3: 1047 daAuts
     D:4: 505 daAuts
     D:2: 445 daAuts
